AoeStats
← die trying

Arabian Desert

508940125Analyzed
1v1 RM · 6d ago on Sep 24, 2026· 26m 4s· 2 players
Game mode
Random Map
Map size
Tiny (2 player)
Population
200
Speed
Normal
Resources
Standard
Victory
Conquest
Starting age
Dark Age
Ending age
Imperial Age
RankedLock teamsTeams togetherTeam positionsShared explorationLock speedFull tech treeHidden civsTurbo modeCheats
Victory
Defeat
🇨🇱 Mongols · Chile
1949
+16
🇫🇮 Chinese · Finland
1946
-16
Lootuskukka
0:51 Loom
9:39 Feudal Age
9:39 Feudal Age
10:21 Double-Bit Axe
17:04 Fletching
24:18 Castle Age
22:13 Horse Collar
24:20 Elite Skirmisher
24:55 Bodkin Arrow
25:18 Bow Saw
die trying
4:53 Loom
7:44 Feudal Age
8:24 Man-at-Arms
13:10 Fletching
17:39 Padded Archer Armor
22:37 Castle Age
22:24 Double-Bit Axe
22:24 Horse Collar
22:42 Crossbowman
23:21 Bodkin Arrow
25:02 Bow Saw
Connection lost

Rejoining the realm…

Still unreachable

The connection could not be restored.

Session expired

The server has moved on; the page needs a fresh start.